 Dungeon Crawl Stone Soup version 0.29.1-4-g47bece8355 (webtiles) character file.

Game seed: 16375616541847458572

526 sanboga the Ruffian (level 7, 0/68 HPs)
             Began as a Troll Berserker on Dec 1, 2022.
             Was a Priest of Trog.
             Succumbed to a water moccasin's poison
             ... on level 4 of the Dungeon.
             The game lasted 00:04:05 (2422 turns).

sanboga the Ruffian (Troll Berserker)               Turns: 2422, Time: 00:04:06

Health: 0/68       AC:  6    Str: 28    XL:     7   Next: 2%
Magic:  6/6        EV: 10    Int:  3    God:    Trog [***...]
Gold:   142        SH:  0    Dex:  9    Spells: 6/6 levels left

rFire   + . .      SeeInvis .     - Unarmed
rCold   . . .      Faith    .   (no shield)
rNeg    . . .      Spirit   .   a - +0 animal skin
rPois   .          Reflect  .   k - +1 hat
rElec   .          Harm     .   j - +0 cloak
rCorr   .          Rampage  .   (gloves unavailable)
Will    .....                   (boots unavailable)
Stlth   ++........              (no amulet)
HPRegen 1.01/turn               m - ring of protection from fire
MPRegen 0.10/turn               (no ring)

@: lethally poisoned (0 -> -7), about to teleport, on berserk cooldown, slowed,
very slow
A: large, unfitting armour, claws 3, regeneration 1, shaggy fur 1, tough skin 1
a: Renounce Religion, Berserk, Trog's Hand


You were on level 4 of the Dungeon.
You worshipped Trog.
Trog was most pleased with you.
You visited 1 branch of the dungeon, and saw 4 of its levels.

You collected 142 gold pieces.

Inventory:

Armour
 a - a +0 animal skin (worn)
 j - a +0 cloak (worn)
 k - a +1 hat (worn)
Jewellery
 m - a ring of protection from fire (left claw)
Scrolls
 c - 2 scrolls of teleportation
 d - 6 scrolls of identify {unknown}
 g - a scroll of brand weapon {unknown}
 l - a scroll of amnesia {unknown}
 p - a scroll of poison {unknown}
Potions
 b - a potion of mutation {unknown}
 f - 2 potions of attraction {unknown}
 h - a potion of magic
 i - a potion of degeneration {unknown}
 n - 2 potions of berserk rage {unknown}
 o - 2 potions of heal wounds {unknown}


   Skills:
 + Level 3.6 Fighting
 + Level 3.6 Dodging
 + Level 1.7 Stealth
 * Level 5.5 Unarmed Combat


You had 6 spell levels left.
You didn't know any spells.
Your spell library was empty.

Dungeon Overview and Level Annotations

Branches:
Dungeon (4/15)
 Temple: D:4-7

Altars:
Fedhas
Gozag
Trog

Shops:
D:1 [[=


Innate Abilities, Weirdness & Mutations

You are too large for most types of armour.
You have claws for hands.
Your natural rate of healing is unusually fast.
You are covered in fur. (AC +1)
You have tough skin. (AC +1)


Message History

Trog accepts your kill.
You have reached level 7!
An orc wizard comes into view. It is wielding a +0 dagger.
The orc wizard shouts!
An orc wizard comes into view. It is wielding a +0 dagger.
You feel a strong urge to attack something.
You are no longer berserk.
You are exhausted.
You feel yourself slow down.
You are no longer corroded.
The orc wizard shouts!
An orc comes into view. It is wielding a +0 mace.
You closely miss the orc priest.
The orc priest hits you with a +0 hand axe.
* * * LOW HITPOINT WARNING * * *
As you read the scroll labelled JOKHLE SISSU, it crumbles to dust.
It is a scroll of enchant armour.
Your +0 hat glows green for a moment.
The orc shouts!
An orc wizard comes into view. It is wielding a +0 dagger.
The orc wizard casts a spell at you. The puff of flame hits you. You resist.
* * * LOW HITPOINT WARNING * * *
The water moccasin bites you but does no damage.
An orc comes into view. It is wielding a +0 short sword.
The orc priest hits you with a +0 hand axe.
* * * LOW HITPOINT WARNING * * *
The water moccasin bites you but does no damage.
As you read the scroll labelled YTSOCU WAHU, it crumbles to dust.
You feel strangely unstable.
It was a scroll of teleportation.
The water moccasin barely misses you.
The orc priest hits you with a +0 hand axe.
* * * LOW HITPOINT WARNING * * *
The water moccasin bites you.
* * * LOW HITPOINT WARNING * * *
You are lethally poisoned!
The water moccasin poisons you!
Okay, then.
It was a potion of magic.
Magic courses through your body.
You die...

....... ...........
#.......##.....#.....
#.......##...........
#................... .
.>...............###..
#.................... #
#..................o.
#.#............S..o....
#.#.........†..@o.o.o..
#......).......o......#
#......)...............
#............#........#
#.#..........######...#
#.###......### ...#
#............. ...
######...##.##.. ..
................


You could see a water moccasin, an orc priest, 3 orc wizards and 2 orcs.

Vanquished Creatures
  A wyvern (D:4)
  2 jellies (D:4)
  A hound (D:4)
  An orc priest (D:3)
  Natasha (thrice) (D:3)
  2 orc wizards (D:3)
  4 adders
  2 worms (D:2)
  2 dart slugs
  8 orcs (D:3)
  7 endoplasms
  2 giant cockroaches (D:3)
  9 goblins
  2 hobgoblins
  3 jackals (D:2)
  4 quokkas
  4 ball pythons
  7 bats
  3 frilled lizards
  5 kobolds
  9 rats
81 creatures vanquished.

Notes
Turn   | Place    | Note
-------+----------+-------------------------------------------
     0 | D:1      | sanboga the Troll Berserker began the quest for the Orb.
     0 | D:1      | Reached XP level 1. HP: 22/22 MP: 0/0
   152 | D:1      | Found Vidgh's Jewellery Shoppe.
   182 | D:1      | Reached XP level 2. HP: 29/29 MP: 1/1
   191 | D:1      | Found Semin's Armour Emporium.
   411 | D:1      | Reached ** piety under Trog
   507 | D:1      | Found Wacvaub's Antique Armour Shop.
   667 | D:2      | Reached XP level 3. HP: 33/36 MP: 2/2
  1468 | D:3      | Noticed Natasha
  1478 | D:3      | Killed Natasha
  1479 | D:3      | Reached skill level 4 in Unarmed Combat
  1479 | D:3      | Reached XP level 4. HP: 38/44 MP: 3/3
  1493 | D:3      | Noticed Natasha
  1511 | D:3      | Reached skill level 1 in Stealth
  1514 | D:3      | Killed Natasha
  1515 | D:3      | Reached XP level 5. HP: 5/53 MP: 4/4
  1696 | D:3      | Noticed Natasha
  1704 | D:3      | Killed Natasha
  1909 | D:3      | Reached XP level 6. HP: 50/61 MP: 5/5
  1909 | D:3      | Reached *** piety under Trog
  1956 | D:3      | Found an opulent altar of Gozag.
  2212 | D:3      | Found a blossoming altar of Fedhas.
  2221 | D:3      | Found a bloodstained altar of Trog.
  2275 | D:4      | Reached skill level 5 in Unarmed Combat
  2401 | D:4      | Noticed a wyvern
  2401 | D:4      | Noticed a water moccasin
  2416 | D:4      | Killed a wyvern
  2417 | D:4      | Reached XP level 7. HP: 20/68 MP: 6/6
  2421 | D:4      | HP: 3/68 [water moccasin (6)]
  2422 | D:4      | Succumbed to a water moccasin's poison

Illustrated notes

Levels and vault maps discovered:
D:1:      spicycebolla_green_bress_n_ham, layout_loops_ring, serial_shops, shop,
          nicolae_shop_crystal, nicolae_shop_hallway_stairs
D:2:      cheibrodos_helix_gallery, layout_basic
D:3:      layout_loops_ring, mainiacjoe_overflow_swirl,
          nicolae_gozag_seed_capital, st_stairs_11, minmay_surrounded,
          uniq_natasha
D:4:      layout_basic, ebering_ghost_sewer_f, serial_bayou_pond_b

Skill      XL: |  1  2  3  4  5  6 |
---------------+-------------------+-----
Unarmed Combat | 4 5 |  5.5
Dodging        | 3 |  3.6
Fighting       | 3 |  3.6
Stealth        | 1 |  1.7

Action                   |  1- 3 |  4- 6 |  7- 9 || total
-------------------------+-------+-------+-------++-------
Melee: Unarmed           |    94 |   101 |     1 ||   196
       Punch             |     3 |     1 |       ||     4
Invok: Berserk           |       |     3 |       ||     3
  Use: Scroll            |       |       |     2 ||     2
       Potion            |       |       |     1 ||     1
 Stab: Sleeping          |     5 |       |       ||     5
Armor: Animal skin       |    35 |    27 |     2 ||    64
Dodge: Dodged            |    30 |    44 |     1 ||    75
